 Dungeon Crawl Stone Soup version 0.23-a0-639-ga9a3373 (webtiles) character file.

23 Matador8 the Slasher (level 2, 0/24 HPs)
             Began as a Draconian Gladiator on Dec 29, 2018.
             Slain by a worm (9 damage)
             ... on level 2 of the Dungeon.
             The game lasted 00:01:43 (848 turns).

Matador8 the Slasher (Draconian Gladiator)           Turns: 848, Time: 00:01:44

Health: 0/24       AC:  4    Str: 16    XL:     2   Next: 72%
Magic:  2/2        EV: 13    Int:  8    God:
Gold:   87         SH:  0    Dex: 12    Spells: 1/1 levels left

rFire    . . .     SeeInvis .   a - +0 long sword
rCold    . . .     Gourm    .   (no shield)
rNeg     . . .     Faith    .   (armour unavailable)
rPois    .         Spirit   .   b - +0 hat
rElec    .         Reflect  .   (no cloak)
rCorr    .         Harm     .   (no gloves)
MR       .....                  (no boots)
Stlth    +.........             (no amulet)
HPRegen  0.08/turn              (no ring)
MPRegen  0.08/turn              (no ring)

@: no status effects
A: unfitting armour, cold-blooded, AC +4
a: no special abilities


You were on level 2 of the Dungeon.
You were not hungry.

You visited 1 branch of the dungeon, and saw 2 of its levels.

You collected 87 gold pieces.

Inventory:

Hand Weapons
 a - a +0 long sword (weapon)
Missiles
 c - 3 throwing nets (quivered)
Armour
 b - a +0 hat (worn)
 f - a +2 cloak
Scrolls
 e - a scroll of identify {unknown}
 h - a scroll of teleportation {unknown}
Potions
 g - a potion of haste {unknown}
 i - a potion of magic {unknown}
 j - a potion of resistance {unknown}
Comestibles
 d - a ration


   Skills:
 - Level 2.1 Fighting
 * Level 3.7 Long Blades
 + Level 2.2 Throwing
 - Level 2.6 Dodging


You had one spell level left.
You didn't know any spells.
Your spell library was empty.

Dungeon Overview and Level Annotations

Branches:
Dungeon (2/15)

Altars:


Innate Abilities, Weirdness & Mutations

Your plain brown scales are hard. (AC +4)
You cannot fit into any form of body armour.
You are cold-blooded and may be slowed by cold attacks.


Message History

The leopard gecko is moderately wounded.
The leopard gecko closely misses you.
You riposte.
You hit the leopard gecko.
You kill the leopard gecko!
You barely miss the rat. The rat bites you but does no damage.
You closely miss the rat. The rat completely misses you.
You riposte.
You hit the rat.
The rat is heavily wounded.
You hit the rat.
You kill the rat!
You hit the worm but do no damage. You barely miss the worm.
You tail-slap the worm.
The worm is moderately wounded.
The worm bites you.
You slash the worm! You tail-slap the worm.
The worm is almost dead.
The worm bites you but does no damage.
You completely miss the worm.
The worm is almost dead.
The worm bites you!
You die...

... ### ... ..# ... #+##
### #.# #...## # #.###
#.....# ## #.#.## ##.......
.##########....####........
.......)........@w'.[......
.#########.#...####........
## #.##.## ##....... #
#.#### #.....# #.# #...##
#.# #+## #.# #.#


You could see a worm.

Vanquished Creatures
  2 dart slugs (D:1)
  A leopard gecko (D:2)
  4 bats
  A goblin (D:1)
  A hobgoblin (D:1)
  2 frilled lizards
  5 kobolds
  A rat (D:2)
17 creatures vanquished.

Notes
Turn   | Place    | Note
-------+----------+-------------------------------------------
     0 | D:1      | Matador8 the Draconian Gladiator began the quest for the
                  | Orb.
     0 | D:1      | Reached XP level 1. HP: 17/17 MP: 1/1
   321 | D:1      | Reached XP level 2. HP: 19/24 MP: 2/2
   848 | D:2      | Slain by a worm

Vault maps used:
D:1:      sevenhm_arrival_forest_fort_small_5
D:2:      marbit_many_paths

Skill      XL: |  1 |
---------------+----+-----
Throwing       | 2 |  2.2
Fighting       | |  2.1
Long Blades    | |  3.7
Dodging        | |  2.6

Action                   || total
-------------------------++-------
Melee: Long sword        ||    48
       Tailslap          ||     9
Armor: Skin              ||    13
Dodge: Dodged            ||    28
       Rpst.: Long sword ||     9

Table legend:
 A = Non-vault XP
 B = Vault XP
 C = Vault XP percentage of total XP
 D = Non-vault monster count
 E = Vault monster count
 F = Vault count percentage of total count
                 A         B        C        D         E       F
            +---------+---------+-------+---------+---------+-------
      Total |      33 |       0 |   0.0 |      17 |       0 |   0.0
            +---------+---------+-------+---------+---------+-------
        D:1 |      19 |       0 |   0.0 |       9 |       0 |   0.0
        D:2 |      14 |       0 |   0.0 |       8 |       0 |   0.0
            +---------+---------+-------+---------+---------+-------
